 Dungeon Crawl Stone Soup version 0.31.0-32-g396128a36d (webtiles) character file.

Game seed: 12273172895092700260

209 sking99 the Ruffian (level 5, -3/45 HPs)
             Began as a Draconian Shapeshifter on Mar 8, 2024.
             Killed by nerve-wracking pain
             ... invoked by Grinder
              (11 damage)
             ... on level 3 of the Dungeon.
             The game lasted 00:04:27 (2526 turns).

sking99 the Ruffian (Draconian Shapeshifter)        Turns: 2526, Time: 00:04:28

Health: -3/45      AC:  5    Str: 18    XL:     5   Next: 55%
Magic:  5/5        EV: 12    Int: 10    God:
Gold:   129        SH:  0    Dex: 11    Spells: 4/4 levels left

rFire   . .          .
                       - Unarmed
rCold   . . .        (no shield)
rNeg    . . .        (body armour unavailable)
rPois   .            (helmet currently unavailable)
rElec   .            (cloak currently unavailable)
rCorr   .            (gloves currently unavailable)
SInv    .            (boots currently unavailable)
Will    .....        (no amulet)
Stlth   +            (no ring)
HPRegen 0.27/turn    (no ring)
MPRegen 0.09/turn

%: no passive effects
@: beast-form
A: beast (slay +2), AC +5, unfitting armour, cold-blooded
a: Begin Untransformation


You were on level 3 of the Dungeon.
You were a hulking beast.
You visited 1 branch of the dungeon, and saw 3 of its levels.

You collected 129 gold pieces.

Inventory:

Armour
 m - a +0 pair of gloves
Jewellery
 e - an amulet of magic regeneration
Talismans
 b - a beast talisman
 c - a flux talisman
Scrolls
 a - 2 scrolls of revelation {unknown}
 d - a scroll of fog {unknown}
 f - 3 scrolls of identify {unknown}
 h - 2 scrolls of vulnerability {unknown}
 j - a scroll of summoning {unknown}
 n - a scroll of torment {unknown}
 p - a scroll of enchant armour {unknown}
Potions
 g - 2 potions of resistance {unknown}
 i - 2 potions of enlightenment {unknown}
 k - 2 potions of haste {unknown}
 l - a potion of curing {unknown}
 o - a potion of mutation {unknown}
 q - a potion of brilliance {unknown}


   Skills:
 + Level 3.0 Fighting
 - Level 2.3 Dodging
 * Level 4.9 Unarmed Combat
 + Level 3.6 Shapeshifting


You had 4 spell levels left.
You didn't know any spells.
Your spell library contained the following spells:

 Spells                   Type           Power      Damage    Failure   Level
 Mercury Vapours          Alch/Air       0%         N/A       50%         2
 Call Canine Familiar     Summ           0%         N/A       75%         3
 Mephitic Cloud           Conj/Alch/Air  0%         N/A       75%         3
 Sigil of Binding         Hex            0%         N/A       75%         3
 Dimensional Bullseye     Hex/Tloc       0%         N/A       98%         4
 Freezing Cloud           Conj/Ice/Air   0%         6-21      100%        5


Dungeon Overview and Level Annotations

Branches:
Dungeon (3/15)

Altars:

Shops:
D:1 [

Annotations:
D:1 2 transporters
D:3 Grinder


Innate Abilities, Weirdness & Mutations

You are a hulking beast.
Your limbs bulge with bestial killing power. (Slay +2)
Your plain brown scales are hard. (AC +5)
You cannot fit into any form of body armour.
You are cold-blooded and may be slowed by cold attacks.


Message History

You can access your shopping list by pressing '$'.
You now have 129 gold pieces (gained 6).
You open the door.
There is an open door here.
Grinder comes into view.
Grinder is nearby!
You hit Grinder.
Grinder is lightly wounded.
Grinder gestures at you.
You suddenly lose the ability to move!
Grinder hits you but does no damage. Grinder gestures at you.
Pain shoots through your body! Grinder hits you!
You writhe in agony.
Grinder gestures at you.
You barely resist.
You can move again.
You hit Grinder.
Grinder is lightly wounded.
Grinder barely misses you.
You hit Grinder.
Grinder is lightly wounded.
Grinder completely misses you.
You hit Grinder.
Grinder is moderately wounded.
Grinder hits you.
You writhe in agony.
You closely miss Grinder.
Your tail-slap misses Grinder.
Grinder is moderately wounded.
Grinder hits you.
* * * LOW HITPOINT WARNING * * *
You writhe in agony.
* * * LOW HITPOINT WARNING * * *
You closely miss Grinder.
Grinder is moderately wounded.
You hit Grinder. You tail-slap Grinder.
Grinder is heavily wounded.
Grinder gestures at you. Pain shoots through your body!
You die...
Grinder says, "Now the real fun starts!"

.#≈.≈≈≈§≈≈§§# #.#.....#
.#≈.≈≈##§≈.≈# #########
#.#..##.# .#≈.≈≈##§≈§§#
#.......# #.#..####
.#≈.≈≈§§§≈§§#
#.#####.###.#......
.#≈.≈≈§≈§§§≈#
#.#..<#.#......####
.#§....§..§≈#
#.#.#.....#.#......
.#.§≈≈≈≈≈≈≈≈#
#.#.....###.#.####.
.'########### #5###.#####.#.#
#. ###........#
#.h.........#.# #. #
####.....# ####..#######.# #.
# ######.# #.........#.# #. #
#......######'#.#####.#.# #.
#
#.....................#.####.
#
#.......).............#......
#
#.....................#######
#
#............>...(..........
# #....................#####


You could see Grinder.

Vanquished Creatures
  An ogre (D:3)
  3 adders (D:2)
  A white imp (D:3)
  3 ribbon worms (D:2)
  An orc (D:3)
  6 ball pythons
  8 giant cockroaches
  10 goblins
  4 hobgoblins
  3 jackals (D:1)
  4 quokkas
  15 bats
  2 frilled lizards (D:2)
  5 kobolds
  3 rats
69 creatures vanquished.

Notes
Turn   | Place    | Note
-------+----------+-------------------------------------------
     0 | D:1      | sking99 the Draconian Shapeshifter began the quest for the
                  | Orb.
     0 | D:1      | Reached XP level 1. HP: 16/16 MP: 1/1
   126 | D:1      | Reached XP level 2. HP: 20/23 MP: 2/2
   540 | D:1      | Found Kibroemem's Antique Armour Boutique.
   904 | D:2      | Reached XP level 3. HP: 28/29 MP: 3/3
  1064 | D:2      | Reached skill level 4 in Unarmed Combat
  1246 | D:2      | Reached XP level 4. HP: 36/36 MP: 4/4
  2376 | D:3      | Noticed an ogre
  2387 | D:3      | Killed an ogre
  2388 | D:3      | Reached XP level 5. HP: 19/45 MP: 5/5
  2514 | D:3      | Noticed Grinder
  2516 | D:3      | Paralysed by Grinder for 4 turns
  2526 | D:3      | Killed from afar by Grinder

Illustrated notes

Levels and vault maps discovered:
D:1:      spicycebolla_arrival_transporter_tutorial, layout_loops_corners,
          serial_shops, shop, minmay_octomino_c4
D:2:      layout_basic, st_stairs_7
D:3:      layout_basic, gammafunk_ghost_grave, supply_closet_lemuel,
          roderic_batcave, grunt_decor_junction, kennysheep_pointless_box,
          st_stairs_12, uniq_grinder

Skill      XL: |  1  2  3  4 |
---------------+-------------+-----
Dodging        | 2 |  2.3
Fighting       | 2 3 |  3.0
Unarmed Combat | 4 |  4.9
Shapeshifting  | |  3.6

Action                     |  1- 3 |  4- 6 || total
---------------------------+-------+-------++-------
  Melee: Unarmed           |    99 |    99 ||   198
         Tailslap          |    11 |     9 ||    20
         Punch             |       |     1 ||     1
    Use: Potion            |     1 |       ||     1
   Stab: Sleeping          |     1 |       ||     1
 Armour: Skin              |    48 |    64 ||   112
  Dodge: Dodged            |    51 |    65 ||   116
